 Dungeon Crawl Stone Soup version 0.23.2-11-gf996548c65 (webtiles) character file.

Game seed: 3779052828681234300

6408 Brecoman the Destroyer (level 10, -2/83 (84) HPs)
             Began as a White Draconian Conjurer on June 2, 2019.
             Was an Elder of Qazlal.
             Slain by a killer bee (9 damage)
             ... on level 10 of the Dungeon.
             The game lasted 00:45:29 (13630 turns).

Brecoman the Destroyer (White Draconian Conjurer)  Turns: 13630, Time: 00:45:30

HP:   -2/83 (84)    AC:  8    Str: 11    XL:     10   Next: 66%
MP:   9/28          EV: 12    Int: 22    God:    Qazlal [****..]
Gold: 439           SH:  5    Dex: 11    Spells: 1/21 levels left

rFire    . . .     SeeInvis .   a - +6 long sword of Conformity {drain, rC+ MP+9 Int+3}
rCold    + + .     Gourm    .   (no shield)
rNeg     . . .     Faith    .   (armour unavailable)
rPois    .         Spirit   .   (helmet restricted)
rElec    .         Reflect  .   (no cloak)
rCorr    .         Harm     .   C - +0 pair of gloves
MR       +....                  (no boots)
Stlth    +.........             e - amulet of regeneration
HPRegen  0.63/turn              u - ring of protection from magic
MPRegen  0.21/turn              x - ring of wizardry

@: lethally poisoned (-2 -> -8), repel missiles
A: breathe frost, unfitting armour, cold resistance 1, cold-blooded, AC +7
a: Breathe Frost, Upheaval, Elemental Force, Renounce Religion


You were on level 10 of the Dungeon.
You worshipped Qazlal.
Qazlal was greatly pleased with you.
You were not hungry.

You visited 1 branch of the dungeon, and saw 10 of its levels.

You collected 439 gold pieces.

Inventory:

Hand Weapons
 a - the +6 long sword of Conformity (weapon) {drain, rC+ MP+9 Int+3}
   (You found it on level 7 of the Dungeon)

   A truly terrible weapon, it drains the life of those it strikes.
   It affects your intelligence (+3).
   It protects you from cold.
   It affects your magic capacity (+9).
 h - a +1 dagger of venom
 n - a +3 rapier of protection
Missiles
 c - 190 stones (quivered)
 g - 7 needles of frenzy
 w - a throwing net
Armour
 C - a +0 pair of gloves (worn)
 M - a +0 buckler
Magical Staves
 b - an uncursed staff of conjuration
Jewellery
 e - an amulet of regeneration (around neck)
 u - a ring of protection from magic (left hand)
 x - a ring of wizardry (right hand)
 D - a cursed ring of attention {unknown}
 E - an uncursed ring of stealth
 G - an uncursed ring of protection from fire {unknown}
 J - a +3 amulet of reflection {unknown}
Wands
 f - a wand of flame (8)
 s - a wand of digging (5)
 H - a wand of acid (8)
 I - a wand of polymorph (15)
 N - a wand of random effects (1)
Scrolls
 i - a scroll of amnesia {unknown}
 j - a scroll of immolation
 k - 9 scrolls of teleportation
 m - 5 scrolls of remove curse
 o - a scroll of fog
 q - a scroll of enchant armour
 F - 3 scrolls of noise {unknown}
 K - a scroll of blinking {unknown}
Potions
 d - 7 potions of curing
 l - 3 potions of lignification
 p - 2 potions of ambrosia {unknown}
 r - a potion of magic {unknown}
 y - 3 potions of mutation
 z - 3 potions of might
 A - a potion of flight {unknown}
 B - 2 potions of agility {unknown}
Comestibles
 v - 15 rations
 L - 8 chunks of flesh


   Skills:
 - Level 6.6 Fighting
 - Level 1.7 Dodging
 - Level 1.7 Stealth
 + Level 5.1 Shields
 - Level 6.0 Spellcasting
 + Level 10.6 Conjurations
 + Level 8.7 Invocations


You had one spell level left.
You knew the following spells:

 Your Spells              Type           Power        Failure   Level  Hunger
a - Magic Dart            Conj           ####         1%          1    None
b - Searing Ray           Conj           ######       1%          2    None
c - Dazzling Spray        Conj/Hex       ####..       1%          3    #......
d - Iskenderun's Mystic   Conj           ######..     1%          4    ###....
e - Conjure Flame         Conj/Fire      ####....     1%          3    #......
f - Call Imp              Summ           #.......     6%          2    None
g - Lightning Bolt        Conj/Air       ####......   12%         5    #####..

Your spell library contained the following spells:

 Spells                   Type           Power        Failure   Level  Hunger
 Shock                    Conj/Air       ####         1%          1    None
 Animate Skeleton         Necr           N/A          3%          1    None
 Apportation              Tloc           #.....       3%          1    None
 Confusing Touch          Hex            #.....       3%          1    None
 Summon Small Mammal      Summ           #...         3%          1    None
 Static Discharge         Conj/Air       ####....     1%          3    #......
 Mephitic Cloud           Conj/Pois/Air  ###.....     2%          3    #......
 Force Lance              Conj/Tloc      ####....     4%          4    ###....
 Fulminant Prism          Conj/Hex       ####......   4%          4    ###....
 Blink                    Tloc           N/A          6%          2    None
 Slow                     Hex            #.......     6%          2    None
 Swiftness                Chrm/Air       #.......     6%          2    None
 Airstrike                Air            #.........   32%         4    ###....


Dungeon Overview and Level Annotations

Branches:
Dungeon (10/15)            Temple (0/1) D:5            Lair (0/6) D:10
    Orc: D:9-12

Altars:
Hepliaklqana
Nemelex Xobeh
Okawaru
Qazlal
Ru
Trog
Uskayaw
Yredelemnul

Shops:
D:5 ?   D:6 %


Innate Abilities, Weirdness & Mutations

You can breathe waves of freezing cold.
You can buffet flying creatures when you breathe cold.
Your icy white scales are hard. (AC +7)
You cannot fit into any form of body armour.
Your flesh is cold resistant. (rC+)
You are cold-blooded and may be slowed by cold attacks.


Message History

Confirm with . or Enter, or press ? or * to list all spells.
Aiming: Magic Dart (safe; 1% risk of failure)
Press: ? - help, Shift-Dir - straight line, f/p - orc
Aim: an orc, wielding a +0 flail and wearing a +0 chain mail (heavily wounded)
The magic dart hits the queen bee.
The queen bee is lightly wounded.
The killer bee stings you.
* * * LOW HITPOINT WARNING * * *
You are more poisoned.
The killer bee poisons you!
The queen bee is engulfed in blazing flames.
The queen bee calls on the killer bee to defend it!
The killer bee goes berserk!
The killer bee stings you but does no damage.
As you read the scroll of fear, it crumbles to dust.
You assume a fearsome visage.
The queen bee looks frightened!
The orc looks frightened!
You feel sick. The killer bee stings you!
* * * LOW HITPOINT WARNING * * *
The killer bee stings you!
You die...

##.##.#### ######...#.####
#..............
##.####...#.####
#...>.....#.#
#.........#.# ########
#.........#.#
#...##.####§........#.####
#.....oy.@y)........^.....
#...##.####§........#.....
##.##### #.......>.######
#.# ######..............
#)# #.[.÷..........#####
#.# #<########.#.### #.#
#.# #.#.# #†# #.# #.#.#
#y# #.# #.#.#


You could see a queen bee (fleeing), a killer bee (berserk) and an orc
(fleeing).

Vanquished Creatures
  A hippogriff (D:9)
  Sigmund (D:3)
  2 wyverns
  2 basilisks (D:10)
  Eustachio (D:3)
  A hungry ghost (D:10)
  A water moccasin (D:9)
  A porcupine (D:10)
  2 sky beasts
  5 ice beasts
  4 black bears
  3 orc warriors
  A phantom (D:3)
  2 necrophages (D:9)
  3 ogres
  2 centaurs (D:8)
  A crocodile (D:10)
  9 bullfrogs
  A wyvern zombie (D:9)
  3 scorpions
  8 killer bees
  3 wights (D:8)
  3 electric eels (D:8)
  2 bullfrog zombies
  A howler monkey (D:9)
  2 crimson imps (D:7)
  3 centaur zombies
  A jelly (D:6)
  A gnoll shaman (D:9)
  5 hounds
  2 centaur skeletons
  4 orc priests
  12 orc wizards
  Natasha (thrice) (D:4 D:3)
  7 worker ants
  Ijyb (D:4)
  3 hound skeletons
  2 worker ant zombies
  11 gnolls
  10 adders
  2 shadow imps
  5 oozes
  3 adder skeletons (D:4)
  3 worms
  6 dart slugs
  3 leopard geckos
  23 orcs
  8 giant cockroaches
  11 goblins
  9 hobgoblins
  13 jackals
  4 quokkas
  4 bats
  4 frilled lizards
  2 gnoll zombies (D:4)
  A jackal skeleton (D:6)
  11 kobolds
  A leopard gecko skeleton (D:4)
  A leopard gecko zombie (D:4)
  12 rats
256 creatures vanquished.

Vanquished Creatures (others)
  An orc wizard (D:9)
1 creature vanquished.

Grand Total: 257 creatures vanquished

Notes
Turn   | Place    | Note
-------+----------+-------------------------------------------
     0 | D:1      | Brecoman the Draconian Conjurer began the quest for the
                  | Orb.
     0 | D:1      | Reached XP level 1. HP: 14/14 MP: 3/3
   575 | D:1      | Reached XP level 2. HP: 7/22 MP: 0/5
   787 | D:1      | Learned a level 2 spell: Searing Ray
  1040 | D:1      | Reached skill level 1 in Fighting
  1284 | D:1      | Reached XP level 3. HP: 28/28 MP: 4/6
  2497 | D:2      | Found a stormy altar of Qazlal.
  2497 | D:2      | Found a sacrificial altar of Ru.
  2509 | D:2      | Found a hazy altar of Hepliaklqana.
  2510 | D:2      | Found a sparkling altar of Nemelex Xobeh.
  2553 | D:2      | Became a worshipper of Qazlal Stormbringer
  2586 | D:2      | Reached XP level 4. HP: 36/36 MP: 2/7
  3023 | D:3      | Reached skill level 5 in Conjurations
  3195 | D:1      | Reached skill level 1 in Invocations
  3457 | D:3      | Reached XP level 5. HP: 39/41 MP: 4/9
  3595 | D:3      | Learned a level 3 spell: Dazzling Spray
  4051 | D:3      | Noticed Sigmund
  4858 | D:3      | Killed Sigmund
  4858 | D:3      | Reached XP level 6. HP: 24/50 MP: 3/10
  5335 | D:4      | Found a bloodstained altar of Trog.
  5345 | D:4      | Noticed Natasha
  5354 | D:4      | Killed Natasha
  5354 | D:4      | Reached skill level 6 in Conjurations
  5580 | D:4      | Noticed Natasha
  5595 | D:3      | Killed Natasha
  5595 | D:3      | Reached * piety under Qazlal
  5634 | D:3      | Noticed Natasha
  5866 | D:3      | Killed Natasha
  5879 | D:3      | Your scales start taking on an icy white colour.
  5879 | D:3      | Reached XP level 7. HP: 50/57 MP: 1/12
  5879 | D:3      | Gained mutation: Your flesh is cold resistant. (rC+) [White
                  | Draconian growth]
  6145 | D:4      | Noticed Eustachio
  6149 | D:4      | Noticed Ijyb
  6525 | D:3      | Killed Eustachio
  6564 | D:4      | Killed Ijyb
  6960 | D:4      | Found a basalt altar of Yredelemnul.
  7054 | D:5      | Entered Level 5 of the Dungeon
  7064 | D:5      | Reached skill level 7 in Conjurations
  7111 | D:5      | Found a staircase to the Ecumenical Temple.
  7244 | D:5      | Learned a level 4 spell: Iskenderun's Mystic Blast
  7285 | D:5      | Found Qerec's Magic Scroll Emporium.
  7428 | D:5      | Reached XP level 8. HP: 67/67 MP: 7/14
  8521 | D:6      | Found Rucy's Food Emporium.
  8816 | D:6      | Reached skill level 5 in Fighting
  8816 | D:6      | Reached skill level 8 in Conjurations
  8833 | D:6      | Learned a level 3 spell: Conjure Flame
  8878 | D:6      | Found a hide-covered altar of Uskayaw.
  8942 | D:6      | Noticed a +0 dagger
  8942 | D:6      | Noticed a +0 dagger
  8988 | D:6      | Reached skill level 5 in Spellcasting
  9419 | D:6      | Reached skill level 5 in Invocations
  9700 | D:6      | Reached ** piety under Qazlal
  9714 | D:6      | Reached XP level 9. HP: 70/74 MP: 16/16
  9986 | D:7      | Learned a level 2 spell: Call Imp
 10448 | D:7      | Got a crude long sword
 10449 | D:7      | Identified the +6 long sword of Conformity {drain, rC+ MP+9
                  | Int+3} (You found it on level 7 of the Dungeon)
 10646 | D:7      | Reached skill level 9 in Conjurations
 11078 | D:8      | Reached *** piety under Qazlal
 11196 | D:8      | Reached skill level 1 in Shields
 11851 | D:9      | Found an iron altar of Okawaru.
 12024 | D:9      | Reached XP level 10. HP: 38/83 MP: 19/19
 12260 | D:9      | Learned a level 5 spell: Lightning Bolt
 12611 | D:9      | Reached skill level 10 in Conjurations
 13086 | D:10     | Entered Level 10 of the Dungeon
 13200 | D:10     | Found a staircase to the Lair.
 13322 | D:9      | Reached **** piety under Qazlal
 13602 | D:10     | Reached skill level 5 in Shields
 13630 | D:10     | Slain by a killer bee

Skill      XL: |  1  2  3  4  5  6  7  8  9 10 |
---------------+-------------------------------+-----
Fighting       | 1 2 3 4 5 6 |  6.6
Conjurations   | 5 6 7 8 9 10 | 10.6
Invocations    | 1 2 3 5 7 8 |  8.7
Spellcasting   | 3 4 5 6 |  6.0
Shields        | 2 5 |  5.1
Dodging        | |  1.7
Stealth        | |  1.7

Action                   |  1- 3 |  4- 6 |  7- 9 | 10-12 || total
-------------------------+-------+-------+-------+-------++-------
Melee: Unarmed           |    51 |       |       |       ||    51
       Tailslap          |     4 |     6 |    31 |    16 ||    57
       Dagger            |    15 |    64 |    15 |       ||    94
       Rapier            |       |       |   138 |       ||   138
       Staff             |       |       |     4 |       ||     4
       Long sword        |       |       |   135 |    75 ||   210
Throw: Stone             |     2 |       |       |       ||     2
 Cast: Magic Dart        |    90 |   137 |   114 |    36 ||   377
       Searing Ray       |       |     9 |     8 |       ||    17
       Dazzling Spray    |       |     3 |     1 |     1 ||     5
       Iskenderun's Myst |       |       |    10 |    21 ||    31
       Conjure Flame     |       |       |     3 |     2 ||     5
       Call Imp          |       |       |     3 |    13 ||    16
Invok: Upheaval          |       |       |       |     3 ||     3
 Abil: Breathe Frost     |       |       |     9 |     2 ||    11
Evoke: Wand              |       |       |     6 |       ||     6
  Use: Scroll            |       |       |    12 |     2 ||    14
 Stab: Distracted        |       |       |       |     1 ||     1
  Eat: Chunk             |     6 |     7 |    21 |     8 ||    42
       Ration            |       |     1 |     1 |       ||     2
Armor: Skin              |    27 |    33 |   157 |    34 ||   251
Dodge: Dodged            |    57 |    49 |   254 |    75 ||   435
Block: Other             |       |       |    37 |    27 ||    64
       Rpst.: Long sword |       |       |    26 |    26 ||    52
